 Dungeon Crawl Stone Soup version 0.29-a0-732-g3d7fbe0af2 (webtiles) character file.

Game seed: 3602238423560029562

116 jifgo the Shooter (level 4, -8/23 HPs)
             Began as a Spriggan Hunter on June 29, 2022.
             Mangled by an unseen horror (10 damage)
             ... on level 7 of the Dungeon.
             The game lasted 00:03:38 (2723 turns).

jifgo the Shooter (Spriggan Hunter)                 Turns: 2723, Time: 00:03:39

Health: -8/23      AC:  3    Str:  7    XL:     4   Next: 70%
Magic:  5/5        EV: 19    Int: 10    God:
Gold:   132        SH:  0    Dex: 20    Spells: 3/3 levels left

rFire   . . .      SeeInvis +   a - +0 shortbow
rCold   . . .      Faith    .   (shield currently unavailable)
rNeg    + . .      Spirit   .   c - +0 robe
rPois   .          Reflect  .   (helmet restricted)
rElec   .          Harm     .   x - +0 cloak
rCorr   .          Rampage  .   (gloves unavailable)
Will    .....                   (boots unavailable)
Stlth   +++.......              (no amulet)
HPRegen 0.07/turn               w - +4 ring of slaying
MPRegen 0.09/turn               i - ring of positive energy

@: very quick
A: very small, no large weapons, unfitting armour, see invisible, speed 3
a: no special abilities


You were on level 7 of the Dungeon.
You visited 1 branch of the dungeon, and saw 5 of its levels.

You collected 132 gold pieces.

Inventory:

Hand Weapons
 a - a +0 shortbow (weapon)
 b - a +3 dagger
Missiles
 f - 8 poisoned darts
Armour
 c - a +0 robe (worn)
 x - a +0 cloak (worn)
Jewellery
 i - a ring of positive energy (right hand)
 w - a +4 ring of slaying (left hand)
Scrolls
 d - 12 scrolls of identify {unknown}
 e - a scroll of teleportation {unknown}
 h - a scroll of immolation
 j - 2 scrolls of vulnerability {unknown}
 k - 3 scrolls of torment {unknown}
 m - 3 scrolls of poison {unknown}
 o - a scroll of brand weapon {unknown}
 p - a scroll of fog {unknown}
 s - 2 scrolls of noise {unknown}
Potions
 g - a potion of brilliance {unknown}
 l - 2 potions of berserk rage {unknown}
 n - a potion of might {unknown}
 q - 2 potions of flight {unknown}
 r - a potion of haste {unknown}
 t - 2 potions of resistance {unknown}
 u - a potion of ambrosia {unknown}
 v - a potion of mutation {unknown}


   Skills:
 + Level 2.4 Fighting
 + Level 5.5 Ranged Weapons
 + Level 4.0 Dodging
 + Level 3.8 Stealth


You had 3 spell levels left.
You didn't know any spells.
Your spell library was empty.

Dungeon Overview and Level Annotations

Branches:
Dungeon (4/15)
 Temple: D:4-7

Altars:

Annotations:
D:3 Ijyb


Innate Abilities, Weirdness & Mutations

You are very small and have problems with some larger weapons.
You are too small for most types of armour.
You have supernaturally acute eyesight. (SInv)
You cover ground extremely quickly. (Speed+++)


Message History

a +1 mace of protection; a +0 chain mail
There is a stone staircase leading down here.
You climb downwards.
There is a stone staircase leading up here.
Found a ring mail.
Found a ring mail.
A sourceless malevolence fills the Dungeon...
You fall into a shaft and drop 3 floors!
The shaft crumbles and collapses.
You hear the roar of battle.
There is an entrance to a bailey on this level.
Hurry and find it before the portal closes forever!
An unseen horror comes into view.
Found a lumpy golden potion.
The unseen horror attacks as you move away!
The unseen horror hits you but does no damage.
The unseen horror hits you!
The unseen horror attacks as you move away!
The unseen horror completely misses you.
You are too injured to fight recklessly!
You are too injured to fight recklessly!
Unknown command.
You are too injured to fight recklessly!
You are too injured to fight recklessly!
The unseen horror hits you.
* * * LOW HITPOINT WARNING * * *
The unseen horror attacks as you move away!
The unseen horror misses you. The unseen horror barely misses you.
The unseen horror attacks as you move away!
The unseen horror hits you but does no damage.
The unseen horror barely misses you.
The unseen horror attacks as you move away!
The unseen horror hits you!
* * * LOW HITPOINT WARNING * * *
The unseen horror closely misses you.
The unseen horror completely misses you.
The unseen horror closely misses you. The unseen horror closely misses you.
The unseen horror attacks as you move away!
The unseen horror hits you!
You die...

... #.. #.#
#.# #.#
#####.####
#........####
#.###.##x#..
#.# #.##@#.##
.. #.#
#.##....#..!
#.# #........#
#.######....##
#........#.##
############


You could see an unseen horror (invisible).

Vanquished Creatures
  An orc wizard (D:3)
  A gnoll (D:1)
  2 adders (D:2)
  A dart slug (D:2)
  4 orcs (D:3)
  An endoplasm (D:1)
  3 giant cockroaches
  6 goblins
  7 hobgoblins
  3 jackals
  5 quokkas
  9 ball pythons
  3 bats
  A frilled lizard (D:1)
  6 kobolds
  2 rats
55 creatures vanquished.

Notes
Turn   | Place    | Note
-------+----------+-------------------------------------------
     0 | D:1      | jifgo the Spriggan Hunter began the quest for the Orb.
     0 | D:1      | Reached XP level 1. HP: 10/10 MP: 2/2
   156 | D:1      | Found a faded altar of an unknown god.
   325 | D:1      | Reached skill level 5 in Ranged Weapons
   325 | D:1      | Reached XP level 2. HP: 15/15 MP: 3/3
   727 | D:2      | Reached XP level 3. HP: 18/18 MP: 4/4
  1663 | D:3      | Noticed Ijyb
  1741 | D:3      | Reached XP level 4. HP: 23/23 MP: 5/5
  2407 | D:3      | Identified the +6 plate armour of the Teacher {Will+ Str+3}
  2695 | D:4      | You fall into a shaft and drop 3 floors!
  2702 | D:7      | Noticed an unseen horror
  2715 | D:7      | HP: 1/23 [unseen horror (7)]
  2723 | D:7      | Mangled by an unseen horror

Illustrated notes

Levels and vault maps discovered:
D:1:      psy_arrival_dodecagon, layout_basic,
          shapermc_ecumenical_altar_mp_ritualfount, hangedman_decor_push
D:2:      layout_loops_ring, dreamdust_princess_corridor,
          hangedman_decor_diamond_cutter
D:3:      minmay_diamond_boxcup, layout_basic, corexii_leaking_fountain,
          kennysheep_doodads, uniq_ijyb
D:4:      layout_gridville, amcnicky_altar_lugonu_corruption
D:7:      layout_loops_corners, mainiacjoe_overflow_surrounded_room,
          enter_bailey_3, uniq_pikel

Skill      XL: |  1  2  3  4 |
---------------+-------------+-----
Stealth        | 2 3 |  3.8
Dodging        | 3 4 |  4.0
Ranged Weapons | 5 |  5.5
Fighting       | 2 |  2.4

Action                   |  1- 3 |  4- 6 || total
-------------------------+-------+-------++-------
 Fire: Shortbow          |    84 |    48 ||   132
Armor: Robe              |       |     3 ||     3
Dodge: Dodged            |    10 |    22 ||    32

Table legend: (Time is in decaauts)
 A = Elapsed time spent in this place.
 B = Non-inter-level travel time spent in this place.
 C = Inter-level travel time spent in this place.
 D = Time resting spent in this place.
 E = Time spent auto-exploring this place.
 F = Levels seen in this place.
 G = Mean time per level.
                   A        B        C        D        E       F      G
               +--------+--------+--------+--------+--------+-----+--------+
         Total |   1833 |   1729 |    104 |     49 |   1346 |   5 |  366.6 |
       Dungeon |   1833 |   1729 |    104 |     49 |   1346 |   5 |  366.6 |
               +--------+--------+--------+--------+--------+-----+--------+

Top non-repeatable levels by time:
     D:3: 813 daAuts
     D:2: 573 daAuts
     D:1: 421 daAuts
     D:7: 16 daAuts
     D:4: 7 daAuts
